 Dungeon Crawl Stone Soup version 0.22.1-1-ga44c0e56f4 (webtiles) character file.

22729 JOKERXD40 the Severer (level 12, -17/113 HPs)
             Began as a Minotaur Berserker on Oct 26, 2018.
             Was an Elder of Trog.
             Demolished by a tentacled starspawn (27 damage)
             ... on level 1 of the Abyss.
             The game lasted 00:43:01 (13256 turns).

JOKERXD40 the Severer (Minotaur Berserker)         Turns: 13256, Time: 00:43:01

Health: -17/113    AC: 20    Str: 25      XL:     12   Next: 65%
Magic:  10/10      EV:  8    Int:  2      God:    Trog [****..]
Gold:   829        SH:  0    Dex: 11 (12) Spells: 11/11 levels left

rFire    . . .     SeeInvis .   L - +1 hand axe (venom)
rCold    + . .     Gourm    .   (no shield)
rNeg     . . .     Faith    .   A - +0 chain mail
rPois    .         Spirit   .   P - +2 hat
rElec    .         Reflect  .   G - +0 cloak {+Inv}
rCorr    .         Harm     .   I - +2 pair of gloves
MR       .....                  M - +0 pair of boots
Stlth    ..........             w - amulet of the acrobat
HPRegen  0.28/turn              y - ring of protection from cold
MPRegen  0.12/turn              a - +2 ring of strength

@: berserk cooldown, very slightly contaminated, slowed, lost intelligence,
constricted, invisible (expiring), very slow
A: retaliatory headbutt, horns 2, clever 1, [deterioration 2], [dopey 2], [low
mp 1], [weak 1], [subdued magic 1]
a: Berserk, Trog's Hand, Brothers in Arms, Renounce Religion


You were on level 1 of the Abyss.
You worshipped Trog.
Trog was greatly pleased with you.
You were not hungry.

You visited 2 branches of the dungeon, and saw 13 of its levels.
You visited the Abyss 1 time.

You collected 851 gold pieces.
You spent 22 gold pieces at shops.

Inventory:

Hand Weapons
 L - a +1 hand axe of venom (weapon)
Missiles
 h - 312 stones
 t - 4 tomahawks (quivered)
 U - 7 exploding tomahawks
Armour
 A - a +0 chain mail (worn)
 G - a +0 cloak of invisibility (worn)
 I - a +2 pair of gloves (worn)
 M - a +0 pair of boots (worn)
 P - a +2 hat (worn)
Jewellery
 a - a +2 ring of strength (right hand)
 w - an amulet of the acrobat (around neck)
 y - a ring of protection from cold (left hand)
Wands
 z - a wand of enslavement (15)
 N - a wand of iceblast (14)
 Q - a wand of paralysis (16)
 R - a wand of random effects (50)
Scrolls
 d - a scroll of random uselessness {unknown}
 e - 6 scrolls of identify
 i - 8 scrolls of remove curse
 n - a scroll of magic mapping {unknown}
 s - 5 scrolls of immolation {unknown}
 u - a scroll of fog {unknown}
 x - 4 scrolls of teleportation
 D - 4 scrolls of enchant weapon
 F - a scroll of blinking {unknown}
 H - a scroll of enchant armour {unknown}
 J - 3 scrolls of torment
 O - a scroll of noise {unknown}
 S - a scroll of brand weapon {unknown}
 T - a scroll of summoning {unknown}
Potions
 b - 3 potions of haste {unknown}
 f - 3 potions of degeneration
 g - 4 potions of brilliance {unknown}
 j - 5 potions of curing
 k - 3 potions of agility
 l - a potion of invisibility {unknown}
 m - 2 potions of flight {unknown}
 o - 2 potions of resistance {unknown}
 p - 2 potions of cancellation {unknown}
 q - 5 potions of might
 r - a potion of experience {unknown}
 v - 2 potions of lignification {unknown}
 B - 2 potions of mutation
 C - a potion of heal wounds
 E - a potion of berserk rage {unknown}
 K - 2 potions of magic {unknown}
Comestibles
 c - 8 rations


   Skills:
 * Level 12.6 Fighting
 * Level 15.3 Axes
 + Level 7.4 Throwing
 + Level 11.2 Armour
 + Level 5.6 Dodging
 - Level 2.7 Stealth
 + Level 1.0 Evocations


You had 11 spell levels left.
You didn't know any spells.
Your spell library was empty.

Dungeon Overview and Level Annotations

Branches:
Dungeon (10/15)            Temple (0/1) D:4            Lair (3/6) D:9
  Swamp: Lair:2-4    Shoals: Lair:2-4     Snake: Lair:2-4    Spider: Lair:2-4
    Orc: D:9-12

Altars:
Ashenzari
Elyvilon
Hepliaklqana
Makhleb
Qazlal

Shops:
D:9 *

Annotations:
Lair:3 Sonja


Innate Abilities, Weirdness & Mutations

You reflexively headbutt those who attack you in melee.
You have a pair of horns on your head.
Your mind is acute. (Int +2)
[Your body often deteriorates upon taking damage.]
[You are very dopey. (Int -4)]
[Your magical capacity is low. (-10% MP)]
[You are weak. (Str -2)]
[Your spells are a little easier to cast, but a little less powerful.]


Message History

You furiously retaliate!
You headbutt the tentacled starspawn!
The tentacled starspawn barely misses you.
You're still recovering from your berserk rage.
Okay, then.
It was a potion of mutation.
You feel extremely strange.
You feel clever.
You flicker for a moment.
The starspawn tentacle closely misses you.
An ancient zyme comes into view.
You feel yourself growing ill in the presence of the ancient zyme.
The tentacled starspawn bites you.
* * * LOW HITPOINT WARNING * * *
The tentacled starspawn engulfs you.
* * * LOW HITPOINT WARNING * * *
The starspawn tentacle grabs you. The starspawn tentacle constricts you.
The ancient zyme moves out of view.
You feel better.
The chaos spawn roars deafeningly!
You hear a shout!
The tentacled starspawn bites you!!
You die...

# ## # .# . ..
.##. . .. . .
.#.. . .. .# #
#.##.###.. .## .
. . #.. ..# .
#......# # #.#
#...........###w#
#.
.........##.X##
...
..∩........@w.#
.... .
......#....# ##..
..(.....(.#..#
..... ...
.§...##..# ...
......#4.##..#...
. ##_...#§##
#(.###.#
........# ... . #
... ..### . ##
.#......# .##


You could see a tentacled starspawn, a chaos spawn and 2 starspawn tentacles.

Vanquished Creatures
  Gastronok (D:9)
  A tentacled starspawn (Abyss:1)
  3 hydras
  2 two-headed ogres
  The ghost of martinkus the Geomancer, a novice GrEE of Vehumet (D:7)
  Pikel (D:9)
  The ghost of
  1212 the Chopper, a novice MiFi of Trog (D:6)
  A black mamba (Lair:1)
  A smoke demon (Abyss:1)
  6 spiny frogs
  3 komodo dragons
  An ancient zyme (Abyss:1)
  A hornet (D:9)
  Prince Ribbit (D:5)
  7 blink frogs
  3 hippogriffs (D:9)
  Sigmund (D:6)
  3 wyverns
  Eustachio (D:4)
  A basilisk (Lair:3)
  5 water moccasins
  4 porcupines
  Duvessa (D:6)
  2 ice beasts
  2 large abominations (Abyss:1)
  3 orc warriors
  A slave (D:9)
  A black bear (D:9)
  An eye of draining (D:7)
  2 sky beasts
  A necrophage (D:9)
  9 ogres
  A phantom (D:6)
  4 centaurs
  5 crocodiles
  11 bullfrogs
  Dowan (D:6)
  4 scorpions
  12 killer bees
  A howler monkey (D:5)
  3 crimson imps
  A bullfrog skeleton (D:9)
  3 hounds
  Crazy Yiuf (D:6)
  2 jellies
  An iguana (D:5)
  Natasha (twice) (D:3)
  An orc wizard (D:3)
  6 worker ants
  A hound zombie (D:6)
  A worker ant zombie (D:7)
  11 gnolls
  14 adders
  A shadow imp (D:7)
  2 adder skeletons
  2 worms (D:2)
  15 orcs
  2 giant cockroaches
  7 hobgoblins
  12 jackals
  7 kobolds
  6 quokkas
  7 bats
  6 frilled lizards
  7 goblins
  A quokka skeleton (D:7)
  6 rats
  A plant (Lair:1)
240 creatures vanquished.

Vanquished Creatures (collateral kills)
  Harold (D:9)
  3 death yaks (D:9)
  A wretched star (Abyss:1)
  A spatial maelstrom (Abyss:1)
  2 smoke demons (Abyss:1)
  2 hellwings (Abyss:1)
  An alligator simulacrum (Abyss:1)
  An ice beast (D:9)
  A necrophage (D:9)
13 creatures vanquished.

Vanquished Creatures (others)
  3 slaves (D:9)
  An iron imp (Abyss:1)
  2 fungi (Lair:3)
  A plant (Lair:2)
  4 starspawn tentacles (Abyss:1)
11 creatures vanquished.

Grand Total: 264 creatures vanquished

Notes
Turn   | Place    | Note
-------+----------+-------------------------------------------
     0 | D:1      | JOKERXD40 the Minotaur Berserker began the quest for the
                  | Orb.
     0 | D:1      | Reached XP level 1. HP: 19/19 MP: 0/0
   603 | D:1      | Reached XP level 2. HP: 27/27 MP: 1/1
   633 | D:1      | Reached skill level 4 in Axes
  1019 | D:2      | Reached XP level 3. HP: 33/33 MP: 2/2
  1183 | D:2      | Reached XP level 4. HP: 30/40 MP: 3/3
  1187 | D:2      | Reached ** piety under Trog
  1363 | D:2      | Reached skill level 5 in Axes
  1427 | D:2      | Reached skill level 1 in Throwing
  1711 | D:3      | Reached XP level 5. HP: 47/47 MP: 4/4
  2297 | D:3      | Noticed Natasha
  2309 | D:3      | Killed Natasha
  2447 | D:3      | Noticed Natasha
  2455 | D:3      | Killed Natasha
  2552 | D:4      | Found a burning altar of Makhleb.
  2563 | D:4      | Noticed an ogre
  2571 | D:4      | Killed an ogre
  2571 | D:4      | Reached skill level 5 in Fighting
  2571 | D:4      | Reached skill level 6 in Axes
  2571 | D:4      | Reached XP level 6. HP: 13/56 MP: 5/5
  2900 | D:4      | Found a staircase to the Ecumenical Temple.
  3036 | D:4      | Noticed Eustachio
  3041 | D:4      | Reached *** piety under Trog
  3065 | D:4      | Killed Eustachio
  3065 | D:4      | Reached XP level 7. HP: 49/61 MP: 6/6
  3375 | D:5      | Entered Level 5 of the Dungeon
  3391 | D:5      | Reached skill level 7 in Axes
  3391 | D:5      | Reached skill level 5 in Armour
  3630 | D:5      | Noticed Prince Ribbit
  3648 | D:5      | HP: 2/62 [Prince Ribbit (14)]
  4583 | D:5      | Killed Prince Ribbit
  4652 | D:5      | Found a stormy altar of Qazlal.
  4711 | D:5      | Reached XP level 8. HP: 64/70 MP: 7/7
  4766 | D:5      | Reached skill level 1 in Stealth
  5011 | D:6      | Reached skill level 8 in Axes
  5114 | D:6      | Noticed Dowan
  5115 | D:6      | Noticed Duvessa
  5118 | D:6      | Killed Dowan
  5124 | D:6      | Killed Duvessa
  5307 | D:6      | Reached skill level 9 in Axes
  5338 | D:6      | Found a runed door.
  5464 | D:6      | Noticed Crazy Yiuf
  5470 | D:6      | Killed Crazy Yiuf
  5661 | D:6      | Noticed Sigmund
  5671 | D:6      | Killed Sigmund
  5696 | D:6      | Found a runed door.
  5702 | D:6      | Noticed 1212's ghost (novice MiFi)
  5713 | D:6      | Reached XP level 9. HP: 79/79 MP: 8/8
  5718 | D:6      | Killed 1212's ghost
  5718 | D:6      | Reached skill level 10 in Axes
  6137 | D:7      | Reached **** piety under Trog
  6490 | D:7      | Found a shattered altar of Ashenzari.
  6527 | D:7      | Found a runed gate.
  6528 | D:7      | Found a runed gate.
  6529 | D:7      | Found a runed gate.
  6531 | D:7      | Noticed martinkus's ghost (novice GrEE)
  6551 | D:7      | Killed martinkus's ghost
  6551 | D:7      | Reached skill level 11 in Axes
  6943 | D:8      | Reached XP level 10. HP: 63/88 MP: 9/9
  7064 | D:8      | Found a white marble altar of Elyvilon.
  7115 | D:8      | Noticed a two-headed ogre
  7120 | D:8      | Killed a two-headed ogre
  7120 | D:8      | Reached skill level 12 in Axes
  7261 | D:8      | Found a hazy altar of Hepliaklqana.
  7819 | D:9      | Noticed Pikel
  7833 | D:9      | Killed Pikel
  7885 | D:9      | Noticed Gastronok
  7914 | D:9      | Killed Gastronok
  7914 | D:9      | Reached skill level 13 in Axes
  8276 | D:9      | Reached XP level 11. HP: 97/97 MP: 10/10
  8300 | D:9      | Found a staircase to the Lair.
  8314 | D:9      | Noticed a death yak
  8317 | D:9      | Noticed a death yak
  8317 | D:9      | Noticed a death yak
  8319 | D:9      | Noticed Harold
  8321 | D:9      | Killed a death yak
  8324 | D:9      | Killed a death yak
  8324 | D:9      | Reached skill level 14 in Axes
  8326 | D:9      | Killed Harold
  8326 | D:9      | Reached skill level 10 in Fighting
  8330 | D:9      | Killed a death yak
  8331 | D:9      | Reached skill level 5 in Dodging
  8557 | D:9      | Found Naxt's General Store.
  8567 | D:9      | Bought a scroll of identify for 22 gold pieces
  8730 | D:9      | Noticed a two-headed ogre
  8743 | D:9      | Killed a two-headed ogre
  8743 | D:9      | Reached skill level 5 in Throwing
  8859 | D:10     | Entered Level 10 of the Dungeon
  9518 | Lair:1   | Entered Level 1 of the Lair of Beasts
  9763 | Lair:1   | Reached ***** piety under Trog
 10086 | Lair:1   | Received a gift from Trog
 10503 | Lair:1   | Noticed a six-headed hydra
 10515 | Lair:1   | HP: 2/153 [12-headed hydra (6)]
 10518 | Lair:1   | Killed a 13-headed hydra
 11086 | Lair:2   | Reached skill level 10 in Armour
 11208 | Lair:2   | Noticed a four-headed hydra
 11220 | Lair:2   | Killed a four-headed hydra
 11220 | Lair:2   | Reached XP level 12. HP: 61/111 MP: 11/11
 11232 | Lair:2   | Reached skill level 15 in Axes
 11518 | Lair:2   | Noticed an eight-headed hydra
 11533 | Lair:2   | Killed a 16-headed hydra
 11824 | Lair:2   | Noticed Sonja
 13013 | Lair:3   | Cast into level 1 of the Abyss (Sonja)
 13013 | Abyss:1  | Found a corrupted altar of Lugonu.
 13101 | Abyss:1  | Found a corrupted altar of Lugonu.
 13109 | Abyss:1  | Noticed a tentacled starspawn
 13119 | Abyss:1  | Killed a tentacled starspawn
 13209 | Abyss:1  | Lost intelligence.
 13215 | Abyss:1  | HP: 4/113 [alligator simulacrum (9)]
 13216 | Abyss:1  | Received a gift from Trog
 13217 | Abyss:1  | Reached skill level 1 in Evocations
 13241 | Abyss:1  | Noticed a tentacled starspawn
 13255 | Abyss:1  | Gained mutation: Your mind is acute. (Int +2) [potion of
                  | mutation]
 13255 | Abyss:1  | HP: 5/113 [tentacled starspawn (5)]
 13256 | Abyss:1  | Demolished by a tentacled starspawn

Skill      XL: |  1  2  3  4  5  6  7  8  9 10 11 12 |
---------------+-------------------------------------+-----
Axes           | 4 5 6 7 9 11 13 14 15 | 15.3
Fighting       | 4 5 6 7 8 9 11 12 | 12.6
Armour         | 3 4 5 7 8 10 11 | 11.2
Dodging        | 3 4 5 |  5.6
Throwing       | 1 2 3 4 6 7 |  7.4
Stealth        | 1 2 |  2.7
Evocations     | 1 |  1.0

Action                   |  1- 3 |  4- 6 |  7- 9 | 10-12 || total
-------------------------+-------+-------+-------+-------++-------
Melee: Hand axe          |    60 |   112 |   179 |   382 ||   733
       Headbutt          |    12 |    15 |    36 |    98 ||   161
       War axe           |       |       |    30 |     8 ||    38
Throw: Stone             |    15 |    62 |    70 |    83 ||   230
       Throwing net      |     1 |       |       |       ||     1
       Tomahawk          |       |       |       |    60 ||    60
Invok: Berserk           |     1 |     2 |     5 |     9 ||    17
       Brothers in Arms  |       |       |       |     3 ||     3
       Trog's Hand       |       |       |       |     1 ||     1
 Abil: Evoke Invisibilit |       |       |     1 |     2 ||     3
  Use: Scroll            |       |     2 |     2 |     6 ||    10
       Potion            |       |       |     2 |     7 ||     9
 Stab: Held in net/web   |     1 |       |       |       ||     1
       Invisible         |       |       |     3 |       ||     3
       Sleeping          |       |       |     1 |       ||     1
       Distracted        |       |       |       |     1 ||     1
  Eat: Chunk             |     2 |     6 |     9 |     7 ||    24
       Ration            |       |       |     3 |     7 ||    10
Armor: Animal skin       |     3 |       |       |       ||     3
       Ring mail         |    10 |     8 |       |       ||    18
       Scale mail        |       |    32 |    55 |    33 ||   120
       Chain mail        |       |       |       |   122 ||   122
Dodge: Dodged            |    42 |    87 |   120 |   212 ||   461
